 Dungeon Crawl Stone Soup version 0.19-a0-811-gf4045fb (webtiles) character file.

3280 Musica the Gouger (level 9, -15/69 HPs)
             Began as a Felid Berserker on June 28, 2016.
             Was a Priest of Trog.
             Demolished by KuKumber's ghost (31 damage)
             ... on level 2 of the Orcish Mines.
             The game lasted 00:31:32 (8697 turns).

Musica the Gouger (Felid Berserker)                 Turns: 8697, Time: 00:31:33

Health: -15/69     AC:  3    Str: 19    XL:     9   Next: 69%
Magic:  10/10      EV: 29    Int: 10    God:    Trog [***...]
Gold:   1189       SH:  0    Dex: 20    Spells: 0 memorised, 8 levels left
                                        Lives:  0   Deaths: 3

rFire  . . .     SeeInvis +       - Unarmed
rCold  . . .     Gourm    .     (armour unavailable)
rNeg   + . .     Faith    .     (shield unavailable)
rPois  .         Spirit   .     (helmet unavailable)
rElec  .         Dismiss  .     (cloak unavailable)
rCorr  .         Reflect  .     (gloves unavailable)
SustAt .         Harm     .     (boots unavailable)
MR     +++..                    (no amulet)
Stlth  ..........               (no ring)
                                m - ring of the Octopus King {rN+ AC+1 EV+1 Str+1 Int+1 Dex+1}

@: berserking, regenerating, very quick, extremely resistant to hostile
enchantments, extremely unstealthy
A: no armour, no weapons or thrown items, claws 1, fangs 3, see invisible,
carnivore 3, speed 1, shaggy fur 2, slow metabolism 1, sharp paws
a: Berserk, Trog's Hand, Burn Spellbooks, Renounce Religion


You were on level 2 of the Orcish Mines.
You worshipped Trog.
Trog was most pleased with you.
You were full.

You visited 2 branches of the dungeon, and saw 11 of its levels.

You collected 1277 gold pieces.
You spent 88 gold pieces at shops.

Inventory:

Jewellery
 m - a ring of the Octopus King (left paw) {rN+ AC+1 EV+1 Str+1 Int+1 Dex+1}
   (You found it on level 7 of the Dungeon)

   [ring of positive energy]

   It affects your AC (+1).
   It affects your evasion (+1).
   It affects your strength (+1).
   It affects your intelligence (+1).
   It affects your dexterity (+1).
   It protects you from negative energy.
 n - an uncursed amulet of faith
 w - a +4 ring of intelligence
Wands
 k - a wand of flame (12/48)
 r - a wand of random effects (0/48)
Scrolls
 d - 4 scrolls of identify
 f - 6 scrolls of remove curse
 j - 2 scrolls of recharging
 s - 3 scrolls of magic mapping
Potions
 c - a potion of lignification
 l - 2 potions of curing
Comestibles
 a - 4 meat rations
 q - 2 beef jerkies
 u - a royal jelly


   Skills:
 + Level 10.0 Fighting
 + Level 10.9 Dodging
 - Level 7.3 Stealth
 + Level 12.5 Unarmed Combat


You had 8 spell levels left.
You didn't know any spells.

Dungeon Overview and Level Annotations

Branches:
Dungeon (9/15)             Temple (0/1) D:7             Orc (2/2) D:9
    Elf (0/3) Orc:2
   Lair: D:8-11

Altars:
Ashenzari
Fedhas
Kikubaaqudgha
Pakellas
Qazlal
Ru
Uskayaw
Xom
Yredelemnul

Shops:
D:5 ?*   D:6 }=}

Annotations:
Orc:2 KuKumber's ghost, journeyman OgBe


Innate Abilities, Weirdness & Mutations

You cannot wear armour.
You are incapable of wielding weapons or throwing items.
You have sharp claws.
You have razor-sharp teeth.
You have supernaturally acute eyesight. (SInv)
You are carnivorous and can eat meat at any time.
You cover ground quickly.
You are covered in thick fur. (AC +2)
You have a slow metabolism.
Your sharp claws are effective at attacking unaware monsters.


Message History

KuKumber's ghost is moderately damaged.
KuKumber's ghost hits you!!!
Ouch! That really hurt!
* * * LOW HITPOINT WARNING * * *
You are too injured to fight recklessly!
You are too injured to fight recklessly!
You are too injured to fight recklessly!
You are too injured to fight recklessly!
You are too injured to fight recklessly!
You scratch KuKumber's ghost but do no damage.
KuKumber's ghost is moderately damaged.
You claw KuKumber's ghost!
KuKumber's ghost is heavily damaged.
KuKumber's ghost completely misses you.
You scratch KuKumber's ghost.
KuKumber's ghost is heavily damaged.
You scratch KuKumber's ghost.
KuKumber's ghost is heavily damaged.
KuKumber's ghost hits you!!
You die...

...#...#....##.......[))..#......
....4.......##........)#####.....
..4#...#....##........## #.##...
...).......# #........# ###....
.))#...#...# #...#...## #....
#.).......## #......#### ##...
#..#...#..# #......##.## ####
##.))....## #....).....# ### ##.
####...#######))@......####.###..
.............#)W...>..####....##.
.............#..)))....##......##
.............)..))....####....##
.........)..........)..###..###
......$..)..........#.......##
.........)......)............#
..)....รท.[[..............##.##
..Wh$...)...............#####


You could see KuKumber's ghost.

Vanquished Creatures
  An orc high priest (Orc:2)
  4 orc knights (Orc:2)
  2 orc sorcerers (Orc:1)
  The ghost of Herrn the Digger, a novice NaEE of Okawaru (D:5)
  Prince Ribbit (D:6)
  A troll (D:9)
  6 yaks (D:9)
  A hippogriff (D:6)
  Menkaure (D:6)
  3 wargs
  A water moccasin (D:7)
  12 orc warriors
  A black bear (D:9)
  2 phantoms
  A sky beast (D:8)
  11 ogres
  2 centaurs
  A crocodile (D:7)
  2 big kobolds (D:6)
  The ghost of Gottschkopf the Magician, an amateur DECj (D:3)
  Blork the orc (D:6)
  5 giant frogs
  A wyvern zombie (D:9)
  3 scorpions
  A howler monkey (D:4)
  6 crimson imps
  2 centaur zombies
  2 lava snakes (D:9)
  A wasp zombie (D:9)
  A giant frog zombie (D:5)
  3 hounds
  25 orc priests
  2 centaur skeletons
  A giant frog skeleton (D:7)
  2 iguanas (D:6)
  17 orc wizards
  A worker ant (D:8)
  A hound zombie (D:7)
  A worker ant zombie (D:8)
  7 adders
  4 shadow imps
  2 adder zombies (D:9)
  An adder skeleton (D:4)
  2 worms (D:2)
  3 dart slugs
  6 giant geckos
  62 orcs
  A ball python (D:2)
  3 giant cockroaches
  5 hobgoblins
  13 jackals
  4 quokkas
  7 bats
  A giant cockroach zombie (D:5)
  A giant gecko skeleton (D:5)
  3 giant newts
  6 goblins
  8 kobolds
  A quokka skeleton (D:5)
  3 rats
274 creatures vanquished.

Vanquished Creatures (collateral kills)
  An orc priest (Orc:2)
1 creature vanquished.

Grand Total: 275 creatures vanquished

Notes
Turn   | Place    | Note
--------------------------------------------------------------
     0 | D:1      | Musica the Felid Berserker began the quest for the Orb.
     0 | D:1      | Reached XP level 1. HP: 10/10 MP: 2/2
   144 | D:1      | Reached XP level 2. HP: 14/14 MP: 3/3
   570 | D:2      | Found a stormy altar of Qazlal.
   674 | D:2      | Reached XP level 3. HP: 10/17 MP: 4/4
   676 | D:2      | Reached skill level 1 in Stealth
   864 | D:2      | Reached ** piety under Trog
  1485 | D:3      | Reached XP level 4. HP: 21/21 MP: 5/5
  1497 | D:3      | Slain by an orc priest
  1498 | D:3      | Reached XP level 3. HP: -1/17 MP: 4/4
  1619 | D:3      | Noticed Gottschkopf's ghost (amateur DECj)
  1625 | D:3      | Reached skill level 5 in Dodging
  1630 | D:3      | Killed Gottschkopf's ghost
  1630 | D:3      | Reached skill level 4 in Unarmed Combat
  1630 | D:3      | Reached XP level 4. HP: 22/22 MP: 5/5
  1646 | D:3      | Found a faded altar of an unknown god.
  1715 | D:3      | Reached XP level 5. HP: 20/25 MP: 6/6
  2105 | D:5      | Entered Level 5 of the Dungeon
  2112 | D:5      | Noticed Herrn's ghost (novice NaEE)
  2128 | D:5      | Killed Herrn's ghost
  2128 | D:5      | Reached skill level 5 in Unarmed Combat
  2128 | D:5      | Gained mutation: You are covered in thick fur. (AC +2) [Felid growth]
  2128 | D:5      | Reached XP level 6. HP: 29/29 MP: 7/7
  2170 | D:4      | Reached XP level 7. HP: 10/33 MP: 8/8
  2617 | D:4      | Reached skill level 5 in Fighting
  2807 | D:5      | Found Guiriex's Magic Scroll Shoppe.
  2810 | D:5      | Bought a scroll of magic mapping for 38 gold pieces
  2864 | D:6      | Noticed a hippogriff
  2867 | D:6      | Killed a hippogriff
  2867 | D:6      | Reached skill level 5 in Stealth
  2914 | D:5      | Found Naohishuac's General Store.
  2933 | D:5      | Bought a potion of heal wounds for 50 gold pieces
  3006 | D:5      | Reached XP level 8. HP: 31/37 MP: 9/9
  3046 | D:5      | Reached skill level 6 in Unarmed Combat
  3248 | D:6      | Noticed Blork the orc
  3248 | D:6      | Noticed Prince Ribbit
  3465 | D:6      | Noticed Menkaure
  3471 | D:6      | Killed Menkaure
  3532 | D:6      | Reached *** piety under Trog
  3659 | D:6      | Found a sacrificial altar of Ru.
  3785 | D:6      | Found Pemen's Gadget Shoppe.
  3786 | D:6      | Found Coneruf's Jewellery Boutique.
  3787 | D:6      | Found Hawaq's Gadget Shoppe.
  3835 | D:6      | Killed Prince Ribbit
  3835 | D:6      | Reached skill level 7 in Unarmed Combat
  3882 | D:6      | Killed Blork the orc
  3882 | D:6      | Reached XP level 9. HP: 36/41 MP: 10/10
  4264 | D:7      | Reached skill level 10 in Dodging
  4269 | D:7      | Found a basalt altar of Yredelemnul.
  4270 | D:7      | Found an ancient bone altar of Kikubaaqudgha.
  4273 | D:7      | Found a shimmering altar of Xom.
  4388 | D:7      | Found a stormy altar of Qazlal.
  4396 | D:7      | Found a hide-covered altar of Uskayaw.
  4396 | D:7      | Found a blossoming altar of Fedhas.
  4396 | D:7      | Found a shattered altar of Ashenzari.
  4643 | D:7      | Got a ring of the Octopus King
  4687 | D:7      | Identified a ring of the Octopus King {rN+ AC+1 EV+1 Str+1 Int+1 Dex+1} (You found it on level 7 of the Dungeon)
  4741 | D:8      | Reached skill level 8 in Unarmed Combat
  4853 | D:7      | Found a staircase to the Ecumenical Temple.
  5380 | D:8      | Reached **** piety under Trog
  5452 | D:9      | Reached skill level 9 in Unarmed Combat
  5741 | D:8      | Found an oddly glowing altar of Pakellas.
  6101 | D:9      | Noticed a troll
  6109 | D:9      | Killed a troll
  6109 | D:9      | Reached XP level 10. HP: 48/48 MP: 11/11
  6201 | D:9      | Reached skill level 10 in Unarmed Combat
  6468 | D:9      | Found a staircase to the Orcish Mines.
  6731 | Orc:1    | Entered Level 1 of the Orcish Mines
  6833 | Orc:2    | Entered Level 2 of the Orcish Mines
  6839 | Orc:1    | Noticed an orc sorcerer
  6840 | Orc:1    | Noticed a sun demon
  6840 | Orc:1    | Noticed an orc sorcerer
  6857 | Orc:1    | Noticed a sixfirhy
  6864 | Orc:1    | Killed an orc sorcerer
  6864 | Orc:1    | Reached skill level 11 in Unarmed Combat
  6867 | Orc:1    | Killed an orc sorcerer
  6893 | Orc:1    | Noticed an orc knight
  7083 | Orc:2    | Noticed an orc knight
  7098 | Orc:2    | Killed an orc knight
  7324 | Orc:2    | Found a staircase to the Elven Halls.
  7942 | Orc:2    | Reached XP level 11. HP: 53/53 MP: 12/12
  8079 | Orc:2    | Noticed an orc knight
  8117 | Orc:2    | Killed an orc knight
  8117 | Orc:2    | Reached skill level 12 in Unarmed Combat
  8208 | Orc:2    | Noticed KuKumber's ghost (journeyman OgBe)
  8215 | Orc:2    | Mangled by KuKumber's ghost
  8216 | Orc:2    | Reached XP level 10. HP: -6/49 MP: 11/11
  8358 | Orc:2    | Noticed an orc knight
  8358 | Orc:2    | Noticed an orc knight
  8362 | Orc:2    | Noticed an orc high priest
  8369 | Orc:2    | Noticed an orange demon
  8369 | Orc:2    | Noticed an orange demon
  8403 | Orc:2    | Noticed a soul eater
  8405 | Orc:2    | Killed an orc high priest
  8418 | Orc:2    | Killed an orc knight
  8476 | Orc:2    | Killed an orc knight
  8476 | Orc:2    | Reached skill level 10 in Fighting
  8639 | Orc:2    | HP: 1/51 [KuKumber's ghost (4)]
  8640 | Orc:2    | Annihilated by KuKumber's ghost
  8641 | Orc:2    | Reached XP level 9. HP: -25/69 MP: 10/10
  8697 | Orc:2    | Demolished by KuKumber's ghost

Vault maps used:
D:1:      dpeg_arrival_arbitrary_b
D:2:      grunt_qazlal_clouds
D:3:      ecumenical_altar_1
D:4:      first_bread, kennysheep_dice
D:5:      serial_shops, kennysheep_mini, shop, grunt_ministairs_5
D:6:      minmay_shop_grove, nicolae_ru_sacrificial_ziggurat,
          minmay_unpleasant_kobolds, uniq_blork_the_orc, uniq_menkaure,
          uniq_prince_ribbit1
D:7:      grunt_temple_overflow_open
D:8:      kennysheep_little_box, wad_floor_pattern_2
D:9:      orc_0_dummy
Orc:2:    st_orc_pillars

Skill      XL: |  1  2  3  4  5  6  7  8  9 10 11 |
---------------+----------------------------------+-----
Stealth        | 2 4 5 6 7 |  7.3
Dodging        | 5 6 7 9 10 | 10.9
Fighting       | 4 5 6 7 10 | 10.0
Unarmed Combat | 4 5 7 9 11 12 | 12.5

Action                   |  1- 3 |  4- 6 |  7- 9 | 10-12 || total
-------------------------+-------+-------+-------+-------++-------
Melee: Unarmed           |   116 |    41 |   390 |   332 ||   879
       Bite              |    10 |     6 |    48 |    40 ||   104
       Punch             |     2 |     1 |    13 |    19 ||    35
Invok: Berserk           |     4 |     2 |     8 |    13 ||    27
       Trog's Hand       |     2 |     2 |    10 |    14 ||    28
       Brothers in Arms  |       |       |       |     2 ||     2
       Burn Spellbooks   |       |       |       |     1 ||     1
Evoke: Wand              |       |       |     3 |     2 ||     5
  Use: Scroll            |       |       |    14 |       ||    14
       Potion            |       |       |     9 |     8 ||    17
 Stab: Sleeping          |     6 |     2 |    23 |     3 ||    34
       Distracted        |       |       |     1 |     1 ||     2
       Paralysed         |       |       |     1 |       ||     1
       Invisible         |       |       |       |     3 ||     3
  Eat: Chunk             |    13 |     9 |    22 |    26 ||    70
Armor: Skin              |     5 |     1 |    75 |    20 ||   101
Dodge: Dodged            |    91 |    28 |   312 |   276 ||   707
